 Dungeon Crawl Stone Soup version 0.20-a0-269-g17f5411 (webtiles) character file.

653043 Mefis the Sorcerer (level 27, -22/162 (163) HPs)
             Began as a Deep Elf Wizard on Dec 5, 2016.
             Was a High Priest of Sif Muna.
             Killed from afar by a hellion (30 damage)
             ... with damnation
             ... on level 1 of Gehenna on Dec 9, 2016.
             The game lasted 10:19:21 (137496 turns).

Mefis the Sorcerer (Deep Elf Wizard)              Turns: 137496, Time: 10:19:22

HP:   -22/162 (163) AC: 21    Str:  8      XL:     27
MP:   1/46          EV: 28    Int: 37 (39) God:    Sif Muna [*****.]
Gold: 5287          SH: 15    Dex: 25      Spells: 0/70 levels left

rFire  + + .     SeeInvis .     a - staff of wizardry
rCold  + + .     Gourm    .     s - +2 robe {rN+}
rNeg   + + .     Faith    .     y - +2 shield of Resistance {rF+ rC+ MR+}
rPois  +         Spirit   .     u - +0 hat
rElec  +         Reflect  .     B - +2 cloak {rPois}
rCorr  .         Harm     .     U - +2 pair of gloves {Dex+3}
MR     +++..                    h - +2 pair of boots {Stlth+}
Stlth  +++++++...               t - amulet of the Swan {+Rage rN+ Dex+5}
                                l - ring "Vaamauvi" {rC+ Str+4 Dex+4}
                                m - +5 ring of protection

@: very slightly contaminated, hasted, no casting, very quick
A: antennae 1, hooves 1, yellow scales 2, camouflage 1, clever 1, fire
resistance 1, low mp 1, mutation resistance 1, sense surroundings 1, electricity
resistance, no device heal 1, subdued magic 2
}: 4/15 runes: barnacled, slimy, silver, gossamer
a: Stop Divine Energy, Channel Magic, Forget Spell, Renounce Religion, Evoke
Berserk Rage


You were on level 1 of Gehenna.
You worshipped Sif Muna.
Sif Muna was extremely pleased with you.
You were near starving.

You visited 12 branches of the dungeon, and saw 52 of its levels.
You visited 1 bazaar.
You also visited: Labyrinth and Wizlab.

You collected 7037 gold pieces.
You spent 1750 gold pieces at shops.

Inventory:

Missiles
 J - 17 throwing nets (quivered)
Armour
 h - a +2 pair of boots of stealth (worn)
 s - a +2 robe of positive energy (worn)
 u - a +0 hat (worn)
 y - the +2 shield of Resistance (worn) {rF+ rC+ MR+}
   (You found it on level 1 of the Lair of Beasts)

   It protects you from fire.
   It protects you from cold.
   It affects your resistance to hostile enchantments.
 B - a +2 cloak of poison resistance (worn)
 U - a +2 pair of gloves of dexterity (worn)
Magical Staves
 a - an uncursed staff of wizardry (weapon)
Rods
 b - a +9 rod of ignition (17/17)
   (You took it off a minotaur in a labyrinth)
 G - a +7 rod of shadows (10/10)
   (You found it on level 5 of the Pits of Slime)
 Z - a +8 rod of clouds (17/17)
   (You took it off a deep elf demonologist on level 3 of the Elven Halls)
Jewellery
 d - an uncursed ring of positive energy
 l - the ring "Vaamauvi" (right hand) {rC+ Str+4 Dex+4}
   (You found it on level 5 of the Pits of Slime)

   [ring of protection from cold]

   It affects your strength (+4).
   It affects your dexterity (+4).
   It protects you from cold.
 m - a +5 ring of protection (left hand)
 q - an uncursed ring of see invisible
 t - the amulet of the Swan (around neck) {+Rage rN+ Dex+5}
   (You found it on level 6 of the Lair of Beasts)

   [amulet of rage]

   It affects your dexterity (+5).
   It protects you from negative energy.
   It lets you go berserk.
Wands
 c - a wand of lightning (7/15)
 e - a wand of acid (4/15)
 R - a wand of heal wounds (4/9)
 V - a wand of digging (3/24)
Scrolls
 j - 19 scrolls of remove curse
 p - 9 scrolls of teleportation
 D - 5 scrolls of fog
 F - 2 scrolls of summoning
 N - 6 scrolls of magic mapping
Potions
 i - 15 potions of curing
 k - 10 potions of agility
 n - 5 potions of cancellation
 o - 11 potions of brilliance
 r - 3 potions of magic
 z - 3 potions of resistance
 X - 3 potions of haste
Books
 v - Sif Muna's Handbook of Quantum Confrontation
   (Sif Muna gifted it to you on level 1 of Gehenna)

   Spells                             Type                      Level
   a - Lesser Beckoning               Translocation                3
   b - Force Lance                    Conjuration/Translocation    4
   c - Throw Icicle                   Conjuration/Ice              4
   d - Fireball                       Conjuration/Fire             5
   e - Bolt of Cold                   Conjuration/Ice              6
   f - Glaciate                       Conjuration/Ice              9
Miscellaneous
 f - a lamp of fire
 g - the horn of Geryon
 A - a crystal ball of energy
 C - a disc of storms
 H - a phial of floods
 O - a fan of gales
 Y - 3 sacks of spiders
Comestibles
 E - 33 fruits
 L - 3 royal jellies
 M - 6 bread rations
 S - 14 beef jerkies


   Skills:
 + Level 14.3 Fighting
 + Level 3.9 Staves
 + Level 14.7 Dodging
 - Level 11.1 Stealth
 - Level 13.8 Shields
 + Level 22.2 Spellcasting
 + Level 18.3 Conjurations
 - Level 9.2 Hexes
 - Level 9.8 Charms
 - Level 2.5 Summonings
 - Level 17.6 Necromancy
 - Level 16.9 Translocations
 * Level 3.0 Transmutations
   Level 4.9 Fire Magic
 + Level 18.3 Ice Magic
 - Level 5.0 Air Magic
 + Level 6.4 Earth Magic
   Level 1.8 Poison Magic
 - Level 9.1 Invocations
 + Level 17.3 Evocations


You couldn't memorise any spells.
You knew the following spells:

 Your Spells              Type           Power        Failure   Level  Hunger
a - Bolt of Cold          Conj/Ice       #######...   0%          6    None
b - Haunt                 Necr/Summ      ######....   3%          7    None
c - Controlled Blink      Tloc           N/A          1%          8    ##.....
d - Orb of Destruction    Conj           #######...   1%          7    None
e - Passwall              Tmut/Erth      #####.....   1%          2    None
f - Glaciate              Conj/Ice       #######...   11%         9    ####...
g - Slow                  Hex            ######..     0%          2    None
i - Ozocubu's Armour      Chrm/Ice       ######..     0%          3    None
m - Spellforged Servitor  Conj/Summ      ######....   2%          7    None
o - Shroud of Golubria    Chrm/Tloc      ######....   0%          2    None
p - Regeneration          Chrm/Necr      ######....   0%          3    None
s - Iron Shot             Conj/Erth      ######....   1%          6    None
u - Deflect Missiles      Chrm/Air       ######....   1%          6    None
x - Swiftness             Chrm/Air       ######..     0%          2    None


Dungeon Overview and Level Annotations

Branches:
Dungeon (15/15)            Temple (0/1) D:6            Lair (6/6) D:8
 Shoals (4/4) Lair:3       Spider (4/4) Lair:4        Slime (5/5) Lair:5
    Orc (2/2) D:12            Elf (3/3) Orc:2        Vaults (5/5) D:14
  Crypt (1/3) Vaults:2     Depths (5/5) D:15           Hell (1/1)
    Dis (0/7) Hell            Geh (1/7) Hell            Coc (0/7) Hell
    Tar (0/7) Hell            Zot (0/5) Depths:5

Altars:
Ashenzari
Cheibriados
Elyvilon
Fedhas
Gozag
Hepliaklqana
Makhleb
Nemelex Xobeh
Okawaru
Qazlal
Sif Muna
Trog
Uskayaw
Vehumet
Xom
The Shining One
Beogh
Jiyva

Shops:
D:4 *   D:8 (   D:10 :   D:11 !   Orc:2 =[%[   Vaults:1 *   Depths:2 (!(
Depths:3 *

Portals:
Hell: Depths:1 Depths:2 Depths:3 Depths:4 Depths:5
Abyss: Depths:1 Depths:4
Pandemonium: Depths:3 Depths:4 Depths:5
Ziggurat: Depths:3
Trove: Depths:5 (give +8 demon whip)

Annotations:
D:4 142 robe
Shoals:1 kraken
Spider:4 Zorot's ghost, adept HOFi
Elf:1 Saint Roka


Innate Abilities, Weirdness & Mutations

You have a pair of small antennae on your head.
You have large cloven feet.
You are mostly covered in yellow scales. (AC +3)
Your skin changes colour to match your surroundings (Stealth+).
Your mind is acute. (Int +2)
Your flesh is heat resistant. (rF+)
Your magical capacity is low. (-10% MP)
You are somewhat resistant to further mutation.
You passively map a small area around you.
You are resistant to electric shocks. (rElec)
Potions and wands are less effective at restoring your health.
Your spells are easier to cast, but less powerful.


Message History

The hell knight closely misses you.
You hear a bark!
A hell knight comes into view. It is wielding a scimitar of flaming.
Evoke which item? (* to show all) (? for menu, Esc to quit)
Okay, then.
You feel yourself speed up. The hellion gestures at you.
The sphere of damnation explodes!
The damnation engulfs you!
* * * LOW HITPOINT WARNING * * *
The hell knight gestures at you while chanting.
The puff of flame misses you.
You are very lightly contaminated with residual magic.
Evoke which item? (* to show all) (? for menu, Esc to quit)
Okay, then.
That item cannot be evoked!
As you read the scroll of summoning, it crumbles to dust.
Wisps of shadow whirl around you... The hellion gestures at you.
The sphere of damnation explodes!
The damnation engulfs you!
You die...

* ## .# # ,,.# ##### ,
##2# #####.#.. ##..##
##.##.....
#.4..#####.........
#W...##.###..#.....
*#@.##...##.##.....
#Z##..............
##8p#......≈.......
##...###...≈≈≈≈§....
#.p..###..≈≈≈§§§≈≈≈.
###......#..≈≈≈§≈≈≈≈≈.
#..Z........≈§≈≈§§§...
**
##..###.....§≈§≈≈§≈..≈
*
##...##.....§§≈≈.§...≈


You could see 2 hell knights, a hellion, an ice dragon skeleton, a friendly
wraith, a friendly red devil and a friendly snapping turtle skeleton.

Vanquished Creatures
  the Royal Jelly (Slime:5)
  A caustic shrike (Depths:4)
  Geryon (Hell)
  Nikola (Elf:2)
  5 golden dragons
  2 bone dragons (Depths:5)
  A mutant beast (WizLab)
  Arachne (Spider:3)
  5 Brimstone Fiends (Geh:1)
  3 tentacled monstrosities
  5 liches
  5 titans (Vaults:5)
  25 acid blobs
  Asterion (Vaults:1)
  A deep elf master archer (Elf:3)
  3 deep elf blademasters (Elf:3)
  Polyphemus (Shoals:2)
  3 krakens
  3 sphinxes
  Kirke (Shoals:1)
  3 tengu reavers
  2 storm dragons
  5 shadow dragons
  Ilsuiw (Shoals:4)
  13 azure jellies
  A revenant (Vaults:2)
  An azure jelly (shapeshifter) (Depths:4)
  The ghost of WereVolvo the Earth Mage, an adept GrEE of Vehumet (Shoals:1)
  11 fire giants
  A balrug (Hell)
  The ghost of removeelyvilon the Basher, a journeyman DsSu of Ashenzari (Shoals:2)
  Aizul (Spider:2)
  4 ghost moths
  3 iron dragons
  9 deep elf sorcerers
  A draconian knight (Depths:5)
  11 frost giants
  A draconian stormcaller (Depths:5)
  2 orc warlords
  11 vault wardens
  12 deep elf elementalists
  A juggernaut zombie (Depths:3)
  11 ironheart preservers
  A spriggan defender (Depths:4)
  8 reapers
  An emperor scorpion (shapeshifter) (Vaults:2)
  6 emperor scorpions
  A caustic shrike skeleton (Depths:3)
  27 stone giants
  7 entropy weavers
  33 very ugly things
  A war gargoyle (Hell)
  2 vampire knights (Depths:4)
  A green draconian (Depths:5)
  9 deep elf demonologists
  A red draconian (Depths:5)
  2 dire elephants
  9 deep elf annihilators
  A lorocyproca (Hell)
  3 yellow draconians (Depths:5)
  16 spark wasps
  4 merfolk javelineers
  24 ettins
  Snorg (Lair:6)
  13 deep elf death magi
  11 death oozes (Slime:5)
  10 fire dragons
  2 minotaurs
  2 blizzard demons
  8 merfolk impalers
  A green death (Hell)
  A crystal guardian (Vaults:4)
  8 deep elf high priests
  17 yaktaur captains
  2 kraken zombies (Hell)
  Harold (Orc:1)
  21 vault guards
  A hydra (shapeshifter) (Depths:5)
  2 rakshasas
  13 great orbs of eyes
  6 ice dragons
  A monstrous demonspawn (Depths:3)
  A quicksilver dragon skeleton (Geh:1)
  5 spriggan air magi
  6 catoblepae
  11 hydras
  A caustic shrike simulacrum (Depths:5)
  4 alligator snapping turtles
  3 merfolk avatars (Shoals:4)
  2 hell beasts
  A death knight (Vaults:4)
  23 centaur warriors
  20 dancing weapons
  An alligator snapping turtle (shapeshifter) (Depths:3)
  9 tengu warriors
  19 ogre magi
  4 merfolk aquamancers
  13 deep troll shamans
  7 satyrs
  4 hell hogs (Hell)
  7 spriggan berserkers
  A titan zombie (Depths:3)
  22 death yaks
  2 iron golems
  12 deep troll earth magi
  3 soul eaters (Hell)
  5 orc high priests
  23 deep elf knights
  18 hell knights
  7 sun demons (Hell)
  11 iron trolls
  A sixfirhy (Depths:2)
  2 shadow wraiths (Hell)
  12 skeletal warriors
  The ghost of Jarno the Ruffian, a novice DrTm of Dithmenos (D:7)
  2 fire crabs (shapeshifter)
  16 sea snakes
  A storm dragon skeleton (Vaults:5)
  5 flayed ghosts
  3 unseen horrors
  25 deep trolls
  10 glowing orange brains
  A sea snake (shapeshifter) (Depths:4)
  A torturous demonspawn (Depths:3)
  7 small abominations
  16 deep elf archers
  3 unseen horrors (shapeshifter) (WizLab)
  An anaconda zombie (Geh:1)
  3 phantasmal warriors
  2 golden dragon skeletons
  An orange crystal statue (Vaults:4)
  10 hill giants
  A hill giant (shapeshifter) (WizLab)
  10 necromancers
  21 ironbrand convokers
  8 wizards
  6 harpies
  An oklob plant (Lair:6)
  21 orc knights
  31 wolf spiders
  6 orc sorcerers
  An orb spider (shapeshifter) (WizLab)
  88 deep elf magi
  15 fauns
  8 shining eyes
  A sphinx skeleton (Vaults:5)
  68 ugly things
  10 cyclopes
  A frost giant zombie (Geh:1)
  A cyclops (shapeshifter) (D:14)
  3 moths of wrath
  An iron dragon zombie (Depths:3)
  A shadow dragon skeleton (Vaults:4)
  A stone giant zombie (Hell)
  2 elephants (shapeshifter)
  28 orb spiders
  A salamander (Depths:2)
  14 manticores
  A centaur zombie (D:15)
  13 merfolk sirens
  3 salamanders (shapeshifter)
  A fire giant skeleton (Vaults:5)
  2 moths of wrath (shapeshifter)
  4 torpor snails
  2 black mambas (Lair:5)
  Joseph (D:10)
  4 smoke demons
  5 water nymphs
  3 frost giant skeletons
  2 guardian serpents (shapeshifter)
  30 elephants
  6 rust devils
  11 vault sentinels
  3 molten gargoyles
  A spriggan zombie (Depths:2)
  A water nymph (shapeshifter) (Vaults:2)
  2 eyes of devastation
  3 gargoyles
  A purple draconian zombie (Hell)
  13 spiny frogs
  A yaktaur zombie (Vaults:5)
  3 efreet
  10 rime drakes
  4 komodo dragons (shapeshifter)
  A kobold demonologist (D:12)
  2 emperor scorpion zombies (Hell)
  A human zombie (Vaults:4)
  12 demonic crawlers
  4 hellions
  An anaconda simulacrum (Hell)
  3 tormentors (Geh:1)
  4 freezing wraiths
  38 yaktaurs
  A troll (shapeshifter) (WizLab)
  An ice devil (Hell)
  14 komodo dragons
  2 hydra zombies (Hell)
  4 red devils
  4 polar bears
  5 tengu conjurers
  A jumping spider (shapeshifter) (WizLab)
  2 hydra skeletons (Hell)
  A meliai (shapeshifter) (WizLab)
  3 meliai (Shoals:1)
  48 jumping spiders
  27 merfolk
  A shadow dragon simulacrum (Vaults:5)
  A polar bear (shapeshifter) (WizLab)
  12 trolls
  15 hornets
  A two-headed ogre (shapeshifter) (WizLab)
  23 hippogriffs
  7 blink frogs
  A slime creature (shapeshifter) (Vaults:5)
  165 slime creatures
  A hornet (shapeshifter) (Depths:2)
  9 snapping turtles
  37 two-headed ogres
  A fire giant simulacrum (Vaults:4)
  3 dream sheep (Shoals:2)
  6 wind drakes
  An ettin zombie (Depths:2)
  2 blink frogs (shapeshifter)
  An ettin skeleton (Geh:1)
  An ice dragon zombie (Hell)
  12 large abominations
  A stone giant simulacrum (Vaults:5)
  14 flying skulls
  A centaur simulacrum (D:12)
  3 shadows
  98 redbacks
  A spriggan (shapeshifter) (WizLab)
  35 tarantellas
  10 air elementals
  33 yaks
  A spriggan skeleton (Depths:2)
  6 wraiths
  A hill giant zombie (D:12)
  3 spriggans
  13 golden eyes
  19 fire elementals
  14 water elementals
  2 yaks (shapeshifter)
  13 wyverns
  7 basilisks
  2 wyverns (shapeshifter)
  A vampire (D:12)
  A human (WizLab)
  A black mamba skeleton (Geh:1)
  3 golden eyes (shapeshifter)
  10 hungry ghosts
  5 hogs (Shoals:1)
  Grum (D:10)
  10 vampire mosquitoes
  2 wargs
  A naga (shapeshifter) (WizLab)
  11 water moccasins
  A spiny frog zombie (Hell)
  An acid dragon (D:13)
  2 soldier ants (shapeshifter)
  2 swamp worms (shapeshifter)
  26 hell hounds
  9 porcupines
  6 floating eyes
  A floating eye (shapeshifter) (Depths:3)
  3 black bears (shapeshifter)
  75 orc warriors
  A porcupine (shapeshifter) (WizLab)
  2 spiny frog skeletons (Hell)
  A sky beast (D:9)
  An eye of draining (shapeshifter) (WizLab)
  6 ice beasts
  10 phantoms
  A sky beast (shapeshifter) (D:15)
  5 black bears
  7 eyes of draining
  A snapping turtle zombie (Geh:1)
  80 ogres
  2 ogres (shapeshifter) (WizLab)
  14 boggarts
  20 wolves
  4 necrophages
  14 crocodiles
  38 centaurs
  2 big kobolds
  3 elf zombies
  27 bullfrogs
  A draconian zombie (Crypt:1)
  An earth elemental (Elf:2)
  A wyvern zombie (D:7)
  5 human skeletons (Vaults:5)
  6 scorpions
  A troll zombie (D:12)
  15 killer bees
  7 howler monkeys
  15 wights
  5 electric eels
  10 crimson imps
  4 lava snakes (D:14)
  2 bullfrog zombies
  9 hounds
  A quasit (D:9)
  A human simulacrum (Vaults:3)
  6 jellies
  6 bullfrog skeletons
  32 orc priests
  5 centaur skeletons
  Ijyb (D:3)
  Jessica (D:3)
  10 iguanas
  35 orc wizards
  14 worker ants
  6 ogre zombies (D:12)
  A naga zombie (Geh:1)
  A worker ant zombie (D:7)
  3 gnolls (D:8)
  14 adders
  An adder (shapeshifter) (Vaults:3)
  A howler monkey skeleton (D:5)
  6 shadow imps
  An ooze (D:4)
  2 adder skeletons
  5 worms
  2 dart slugs (D:2)
  4 leopard geckos
  108 orcs
  3 ball pythons
  9 bats
  7 giant cockroaches
  7 goblins
  8 hobgoblins
  6 jackals
  26 kobolds
  8 quokkas
  3 frilled lizards
  2 goblin zombies (D:12)
  2 hobgoblin skeletons (D:12)
  4 hobgoblin zombies (D:12)
  2 jackal skeletons
  A leopard gecko zombie (D:5)
  3 orc skeletons (D:12)
  14 orc zombies (D:12)
  A quokka zombie (D:6)
  4 rats
  A block of ice (Hell)
  A bush (Shoals:1)
  2 crawling corpses (Vaults:5)
  11 plants
  15 tentacles
2957 creatures vanquished.

Vanquished Creatures (collateral kills)
  The ghost of bear the Slayer, a veteran HOBe of Trog (Depths:2)
  A quicksilver dragon (shapeshifter) (Vaults:5)
  A tengu reaver (Vaults:5)
  A fire giant (Vaults:5)
  2 deep elf sorcerers (Elf:3)
  A war gargoyle (Hell)
  2 stone giants
  An ironheart preserver (Vaults:2)
  2 very ugly things (Vaults:5)
  A deep elf annihilator (Elf:3)
  A deep elf death mage (Elf:3)
  2 yaktaur captains
  A death ooze (Slime:5)
  8 vault guards
  An ogre mage (Vaults:1)
  A deep troll earth mage (Vaults:2)
  A hell hog (Hell)
  14 dancing weapons
  2 deep elf knights
  4 soul eaters
  2 iron trolls
  An iron golem (Hell)
  8 skeletal warriors
  3 deep trolls
  A glowing orange brain (shapeshifter) (Vaults:5)
  A deep elf archer (Vaults:1)
  2 orc knights
  A shadow dragon zombie (Vaults:5)
  A phantasmal warrior (Vaults:4)
  4 ugly things
  2 orb spiders
  3 wolf spiders
  3 fauns
  7 deep elf magi
  An elephant (Shoals:1)
  A cyclops (Shoals:2)
  3 rust devils
  The ghost of Leszczynek the Grappler, a novice VSWz of Cheibriados (D:6)
  A yaktaur (Vaults:5)
  An ice devil (Hell)
  2 demonic crawlers
  4 jumping spiders
  3 merfolk
  A red devil (Hell)
  2 two-headed ogres
  The ghost of Jarno the Insei, an amateur MfTm (D:4)
  3 slime creatures (Vaults:1)
  3 redbacks
  2 tarantellas (Spider:4)
  A wraith (Vaults:4)
  An orc warrior (Vaults:2)
  4 ogres
  A centaur (Shoals:1)
  An elf simulacrum (Vaults:1)
  A big kobold (D:8)
  2 earth elementals (Elf:3)
  3 crimson imps
  An adder skeleton (D:6)
  2 orcs
  A quokka (D:4)
  6 fungi (Elf:2)
140 creatures vanquished.

Vanquished Creatures (others)
  Jorgrun (Depths:2)
  A tengu reaver (Vaults:5)
  A fire giant (Vaults:5)
  A yaktaur captain (Depths:5)
  A great orb of eyes (Depths:2)
  A skeletal warrior (Hell)
  A deep elf mage (Elf:2)
  A black mamba (Lair:4)
  A rust devil (Hell)
  A spriggan skeleton (Geh:1)
  41 blocks of ice
  5 bushes (Shoals:1)
  81 fulminant prisms
  52 fungi
  38 plants
  7 snaplasher vines (Elf:3)
  42 tentacles
276 creatures vanquished.

Grand Total: 3373 creatures vanquished

Notes
Turn   | Place    | Note
-------+----------+-------------------------------------------
     0 | D:1      | Mefis the Deep Elf Wizard began the quest for the Orb.
     0 | D:1      | Reached XP level 1. HP: 10/10 MP: 7/7
    74 | D:1      | Reached skill level 5 in Spellcasting
   149 | D:1      | Reached XP level 2. HP: 15/15 MP: 10/10
   979 | D:2      | Learned a level 2 spell: Call Imp
   982 | D:2      | Learned a level 2 spell: Blink
   985 | D:2      | Learned a level 2 spell: Repel Missiles
  1015 | D:2      | Found a hide-covered altar of Uskayaw.
  1065 | D:2      | Reached XP level 3. HP: 17/19 MP: 11/11
  1070 | D:2      | Learned a level 3 spell: Mephitic Cloud
  1217 | D:2      | Found a glowing golden altar of the Shining One.
  1268 | D:2      | Found a blossoming altar of Fedhas.
  2128 | D:3      | Reached skill level 1 in Air Magic
  2187 | D:3      | Found a sparkling altar of Nemelex Xobeh.
  2187 | D:3      | Found an opulent altar of Gozag.
  2358 | D:3      | Noticed Jessica
  2368 | D:3      | Killed Jessica
  2368 | D:3      | Reached skill level 1 in Poison Magic
  2368 | D:3      | Reached XP level 4. HP: 24/24 MP: 0/13
  2555 | D:3      | Found a deep blue altar of Sif Muna.
  2559 | D:3      | Became a worshipper of Sif Muna the Loreminder
  2571 | D:3      | Learned a level 3 spell: Conjure Flame
  3298 | D:3      | Noticed Ijyb
  3315 | D:3      | Killed Ijyb
  3315 | D:3      | Reached XP level 5. HP: 25/28 MP: 15/15
  3472 | D:3      | Found a shimmering altar of Xom.
  3474 | D:3      | Found a burning altar of Makhleb.
  3474 | D:3      | Found a radiant altar of Vehumet.
  3478 | D:3      | Found a white marble altar of Elyvilon.
  3478 | D:3      | Found a shimmering altar of Xom.
  3478 | D:3      | Found a white marble altar of Elyvilon.
  3528 | D:3      | Found a burning altar of Makhleb.
  3766 | D:4      | Noticed Jarno's ghost (amateur MfTm)
  3819 | D:4      | Reached skill level 1 in Fighting
  3820 | D:4      | Reached skill level 1 in Evocations
  3938 | D:4      | Reached skill level 1 in Charms
  4057 | D:4      | Reached XP level 6. HP: 23/34 MP: 7/16
  4175 | D:4      | Found a bloodstained altar of Trog.
  4288 | D:4      | Reached skill level 6 in Spellcasting
  4586 | D:4      | Found Ytiziy's Assorted Antiques.
  4597 | D:4      | Reached skill level 1 in Invocations
  5419 | D:4      | Killed Jarno's ghost
  5522 | D:4      | Reached XP level 7. HP: 32/38 MP: 9/18
  5647 | D:4      | Reached * piety under Sif Muna
  5883 | D:4      | Learned a level 2 spell: Slow
  6055 | D:5      | Entered Level 5 of the Dungeon
  6360 | D:5      | Reached skill level 1 in Hexes
  6835 | D:4      | Bought a shimmering robe for 142 gold pieces
  6845 | D:4      | Identified the +2 robe of the Doldrums {rC- rCorr Str+4} (You bought it in a shop on level 4 of the Dungeon)
  6878 | D:5      | Reached XP level 8. HP: 43/43 MP: 13/20
  7133 | D:6      | Found a shimmering altar of Xom.
  7133 | D:6      | Found an iron altar of Okawaru.
  7180 | D:6      | Reached skill level 7 in Spellcasting
  7462 | D:6      | Noticed Leszczynek's ghost (novice VSWz)
  7469 | D:6      | Killed Leszczynek's ghost
  7469 | D:6      | Reached skill level 5 in Stealth
  7967 | D:6      | Found a staircase to the Ecumenical Temple.
  8162 | D:7      | Found a stormy altar of Qazlal.
  8294 | D:7      | Reached ** piety under Sif Muna
  8294 | D:7      | Reached skill level 5 in Dodging
  8415 | D:7      | Noticed Jarno's ghost (novice DrTm)
  8532 | D:6      | Reached skill level 8 in Spellcasting
  8790 | D:7      | Found a snail-covered altar of Cheibriados.
  8836 | D:7      | Reached XP level 9. HP: 49/49 MP: 18/23
  8947 | D:6      | Learned a level 5 spell: Iskenderun's Battlesphere
  8952 | D:6      | Learned a level 4 spell: Fulminant Prism
  9335 | D:7      | Got a scorched whip
  9336 | D:7      | Identified the +7 whip of Judgement {flame, Stlth+} (You found it on level 7 of the Dungeon)
  9967 | D:8      | Reached skill level 9 in Spellcasting
  9969 | D:8      | Noticed a skeletal warrior
  9972 | D:8      | Found a hazy altar of Hepliaklqana.
 10751 | D:8      | Reached *** piety under Sif Muna
 10751 | D:8      | Reached skill level 5 in Charms
 11387 | D:8      | Found a staircase to the Lair.
 11392 | D:8      | Reached skill level 5 in Hexes
 11392 | D:8      | Reached XP level 10. HP: 56/56 MP: 17/25
 11669 | D:8      | Reached skill level 5 in Evocations
 11817 | D:8      | Reached skill level 10 in Spellcasting
 11823 | D:8      | Reached skill level 5 in Conjurations
 12633 | D:8      | Noticed a skeletal warrior
 12635 | D:8      | Noticed a skeletal warrior
 12774 | D:8      | Noticed a skeletal warrior
 13119 | D:8      | Reached **** piety under Sif Muna
 13153 | D:8      | Killed a skeletal warrior
 13153 | D:8      | Reached skill level 5 in Invocations
 13157 | D:8      | Killed a skeletal warrior
 13216 | D:8      | Found Irpha Codwo's Antique Weapon Emporium.
 13713 | D:9      | Reached XP level 11. HP: 59/60 MP: 11/27
 14885 | D:9      | Reached skill level 11 in Spellcasting
 14956 | D:10     | Entered Level 10 of the Dungeon
 15156 | D:9      | Noticed a centaur warrior
 15171 | D:9      | Killed a centaur warrior
 15340 | D:10     | Noticed Joseph
 15524 | D:10     | Noticed Grum
 15531 | D:10     | Killed Grum
 15639 | D:10     | Noticed a hill giant
 15743 | D:10     | Noticed a hill giant
 15748 | D:10     | Killed a hill giant
 15848 | Lair:1   | Entered Level 1 of the Lair of Beasts
 16230 | D:10     | Killed Joseph
 16770 | Lair:1   | Learned a level 4 spell: Iskenderun's Mystic Blast
 18043 | Lair:2   | Noticed an eight-headed hydra
 18048 | Lair:2   | Killed an eight-headed hydra
 18048 | Lair:2   | Reached skill level 12 in Spellcasting
 18225 | Lair:2   | Reached ***** piety under Sif Muna
 18228 | Lair:2   | Reached skill level 1 in Shields
 18235 | Lair:2   | Reached XP level 12. HP: 64/68 MP: 2/30
 18757 | Lair:3   | Reached skill level 5 in Fighting
 19010 | Lair:3   | Noticed a six-headed hydra
 19011 | Lair:3   | Identified Beeroi's Compendium of Enthralling Earth (Sif Muna gifted it to you on level 3 of the Lair of Beasts)
 19011 | Lair:3   | Received a gift from Sif Muna
 19262 | Lair:3   | Noticed a seven-headed hydra
 19267 | Lair:3   | Killed a seven-headed hydra
 19597 | Lair:3   | Noticed a death yak
 19618 | Lair:3   | Noticed a death yak
 19628 | Lair:4   | Found a hole to the Spider Nest.
 19912 | Lair:3   | Noticed a death yak
 19916 | Lair:3   | Noticed a death yak
 19933 | Lair:2   | Killed a death yak
 20039 | Lair:2   | Learned a level 5 spell: Bolt of Magma
 20040 | Lair:2   | Noticed a seven-headed hydra
 20053 | Lair:2   | Killed a seven-headed hydra
 20231 | Lair:3   | Noticed a four-headed hydra
 20247 | Lair:3   | Killed a four-headed hydra
 20247 | Lair:3   | Reached skill level 1 in Earth Magic
 20345 | Lair:3   | Reached skill level 1 in Fire Magic
 20511 | Lair:3   | Killed a death yak
 20517 | Lair:3   | Killed a death yak
 20794 | Lair:2   | Killed a death yak
 21201 | Lair:3   | Found a staircase to the Shoals.
 21456 | Lair:3   | Killed a six-headed hydra
 21577 | Lair:4   | HP: 3/68 [komodo dragon (27)]
 21578 | Lair:4   | Reached XP level 13. HP: 3/73 MP: 1/31
 22086 | Lair:3   | Reached skill level 13 in Spellcasting
 24857 | Lair:5   | Reached skill level 10 in Stealth
 24940 | Lair:5   | Found a staircase to the Slime Pits.
 25134 | Lair:5   | Identified a scroll of acquirement
 25538 | Lair:5   | Learned a level 5 spell: Metabolic Englaciation
 25548 | Lair:5   | Identified Icycs's Papyrus of Aerial Sinister Magic (Sif Muna gifted it to you on level 5 of the Lair of Beasts)
 25548 | Lair:5   | Received a gift from Sif Muna
 26091 | Lair:5   | Reached skill level 1 in Ice Magic
 26488 | Lair:5   | Reached XP level 14. HP: 80/80 MP: 23/33
 26700 | Lair:6   | Entered Level 6 of the Lair of Beasts
 26710 | Lair:6   | Got a clouded platinum amulet
 26713 | Lair:6   | Identified the amulet of the Swan {+Rage rN+ Dex+5} (You found it on level 6 of the Lair of Beasts)
 26779 | Lair:5   | Reached skill level 5 in Shields
 27001 | Lair:6   | Reached skill level 14 in Spellcasting
 29149 | Lair:6   | Noticed Snorg
 29295 | Lair:6   | Killed Snorg
 31195 | Lair:6   | Reached skill level 5 in Ice Magic
 31619 | Lair:6   | Reached skill level 10 in Dodging
 32960 | D:10     | Found Ungomoic's Book Shoppe.
 33478 | D:11     | You fall through a shaft for 3 floors!
 33786 | D:14     | Reached XP level 15. HP: 85/85 MP: 24/35
 34501 | D:12     | Found a shattered altar of Ashenzari.
 34505 | D:12     | Saw a vision of the Shoals and the Spider Nest.
 34527 | D:12     | Found a labyrinth entrance.
 34536 | Lab      | Entered a labyrinth
 35058 | Lab      | Identified a +2 rod of ignition (10/10) (You took it off a minotaur in a labyrinth)
 35194 | D:11     | Reached skill level 15 in Spellcasting
 35980 | D:11     | Found Houlaecwu's Distillery.
 35986 | D:11     | Bought a potion of heal wounds for 65 gold pieces
 35986 | D:11     | Bought a potion of brilliance for 52 gold pieces
 35986 | D:11     | Bought a potion of curing for 39 gold pieces
 35986 | D:11     | Bought a potion of curing for 39 gold pieces
 35986 | D:11     | Bought a potion of haste for 130 gold pieces
 35986 | D:11     | Bought a potion of heal wounds for 65 gold pieces
 38592 | D:12     | Found a staircase to the Orcish Mines.
 39288 | D:12     | Found a roughly hewn altar of Beogh.
 39392 | D:12     | Identified Sif Muna's Collected Works on Supportive Hexes (Sif Muna gifted it to you on level 12 of the Dungeon)
 39392 | D:12     | Received a gift from Sif Muna
 39504 | Lair:1   | Learned a level 6 spell: Bolt of Cold
 39510 | Lair:1   | Learned a level 5 spell: Cigotuvi's Embrace
 39564 | Lair:1   | Learned a level 6 spell: Freezing Cloud
 41051 | D:13     | Reached skill level 1 in Necromancy
 41965 | D:14     | Found a gate to the Vaults.
 42971 | D:15     | Entered Level 15 of the Dungeon
 43046 | D:15     | Reached skill level 10 in Evocations
 43160 | D:15     | Found a large runed door.
 44678 | D:15     | Found a large runed door.
 45265 | D:15     | Found a staircase to the Depths.
 45270 | D:15     | Reached XP level 16. HP: 40/92 MP: 13/37
 46329 | D:12     | Learned a level 6 spell: Ozocubu's Refrigeration
 46331 | Orc:1    | Entered Level 1 of the Orcish Mines
 46389 | Orc:1    | Noticed Harold
 46539 | Orc:1    | Killed Harold
 47586 | Orc:2    | Entered Level 2 of the Orcish Mines
 47588 | Orc:2    | Found a staircase to the Elven Halls.
 47828 | Orc:2    | Found Zyjas's Jewellery Shop.
 47828 | Orc:2    | Found Sogeipei's Food Shoppe.
 48591 | Orc:2    | Found Xame's Armour Shoppe.
 48592 | Orc:2    | Found Keuwuh's Armour Boutique.
 49960 | Orc:1    | Found a roughly hewn altar of Beogh.
 50543 | Lair:1   | Learned a level 6 spell: Simulacrum
 51076 | Spider:1 | Entered Level 1 of the Spider Nest
 51331 | Spider:1 | Reached skill level 5 in Necromancy
 52497 | Spider:1 | Reached skill level 16 in Spellcasting
 53324 | Spider:2 | Received a gift from Sif Muna
 53326 | Spider:2 | Reached skill level 5 in Air Magic
 54094 | Spider:2 | Noticed Aizul
 54124 | Spider:2 | Killed Aizul
 54140 | Spider:2 | Reached XP level 17. HP: 61/99 MP: 0/39
 56936 | Spider:3 | Noticed Arachne
 57266 | Spider:3 | Killed Arachne
 57433 | Spider:3 | Reached skill level 5 in Translocations
 58057 | Spider:4 | Entered Level 4 of the Spider Nest
 58062 | Spider:4 | Noticed Zorot's ghost (adept HOFi)
 58994 | Spider:4 | Received a gift from Sif Muna
 59186 | Spider:4 | Learned a level 3 spell: Tukima's Dance
 62529 | Spider:4 | Reached XP level 18. HP: 90/105 MP: 0/40
 62686 | Spider:4 | Reached skill level 10 in Shields
 62824 | Spider:4 | Got a gossamer rune of Zot
 63295 | Lair:1   | Learned a level 6 spell: Dispersal
 63307 | Lair:1   | Gained mutation: Your spells are a little harder to cast, but a little more powerful. [potion of beneficial mutation]
 63469 | Elf:1    | Entered Level 1 of the Elven Halls
 64296 | Shoals:1 | Entered Level 1 of the Shoals
 64450 | Shoals:1 | Noticed WereVolvo's ghost (adept GrEE)
 64606 | Lair:1   | Learned a level 5 spell: Iskenderun's Battlesphere
 64949 | Elf:1    | Reached skill level 10 in Ice Magic
 65374 | Elf:1    | Reached skill level 17 in Spellcasting
 65374 | Elf:1    | Identified Dyceorit's Incunabulum of Feathery Conjuration (Sif Muna gifted it to you on level 1 of the Elven Halls)
 65374 | Elf:1    | Received a gift from Sif Muna
 65391 | Elf:1    | Learned a level 6 spell: Deflect Missiles
 66898 | Elf:1    | Identified Ymecerph's Disquisition on Stolen Souls
 66938 | Elf:2    | Noticed Saint Roka
 67883 | Elf:2    | Identified a -2 rod of clouds (11/11) (You found it on level 3 of the Spider Nest)
 68781 | Elf:2    | Reached skill level 10 in Conjurations
 68928 | Elf:2    | Learned a level 5 spell: Summon Forest
 69236 | Elf:2    | Noticed Nikola
 69240 | Elf:2    | Found a huge runed gate.
 69241 | Elf:2    | Found a huge runed gate.
 69242 | Elf:2    | Found a huge runed gate.
 69243 | Elf:2    | Found a huge runed gate.
 69245 | Elf:2    | Found a huge runed gate.
 69262 | Elf:2    | Killed Nikola
 70413 | Elf:3    | Entered Level 3 of the Elven Halls
 70789 | Elf:3    | Found a gateway to a bazaar.
 70836 | Bazaar   | Entered a bazaar
 70836 | Bazaar   | Found Ymulov's Weapon Boutique.
 70836 | Bazaar   | Found Mosiara's Antique Armour Shop.
 70836 | Bazaar   | Found Eriuhiss's Weapon Shop.
 70884 | Elf:3    | Reached XP level 19. HP: 76/112 MP: 8/42
 72955 | Elf:3    | Reached skill level 10 in Translocations
 73284 | Elf:3    | Reached skill level 10 in Fighting
 73522 | Elf:3    | Got a translucent brass ring
 73526 | Elf:3    | Identified a +3 rod of clouds (11/13) (You took it off a deep elf demonologist on level 3 of the Elven Halls)
 73535 | Elf:3    | Identified the ring of Propriety {*Tele rPois rC- rN+} (You took it off a deep elf sorcerer on level 3 of the Elven Halls)
 73544 | Elf:3    | Got a dull robe
 73555 | Elf:3    | Identified the +1 robe of Exynwaj {Dex+4 Stlth-} (You took it off a deep elf demonologist on level 3 of the Elven Halls)
 73762 | Elf:3    | Learned a level 6 spell: Death Channel
 73806 | Elf:3    | Identified the Collected Works on Noxious Flight
 75017 | Elf:3    | Reached skill level 10 in Necromancy
 75472 | Lair:1   | Learned a level 1 spell: Summon Butterflies
 75474 | Lair:1   | Learned a level 1 spell: Magic Dart
 75881 | Shoals:1 | Found a hide-covered altar of Uskayaw.
 76752 | Shoals:1 | Killed WereVolvo's ghost
 76811 | Shoals:1 | Noticed Kirke
 77588 | Shoals:1 | Killed Kirke
 78215 | Shoals:1 | Identified Vow Koxy's Collected Works on the Helpful Snowflakes (Sif Muna gifted it to you on level 1 of the Shoals)
 78215 | Shoals:1 | Received a gift from Sif Muna
 78566 | Shoals:1 | Got a bloodstained animal skin
 78578 | Shoals:1 | Identified the +1 animal skin of Complete Protection {+Fly rCorr Slay-4 SInv} (You found it on level 1 of the Shoals)
 78792 | Shoals:2 | Reached XP level 20. HP: 105/117 MP: 2/43
 78794 | Shoals:2 | Noticed removeelyvilon's ghost (journeyman DsSu)
 79134 | Shoals:2 | Killed removeelyvilon's ghost
 79343 | Shoals:2 | Noticed Polyphemus
 80184 | Shoals:2 | Killed Polyphemus
 81307 | Shoals:3 | Reached skill level 18 in Spellcasting
 82127 | Shoals:4 | Entered Level 4 of the Shoals
 82805 | Shoals:4 | Noticed Ilsuiw
 82817 | Shoals:4 | Killed Ilsuiw
 83812 | Shoals:4 | Identified Sif Muna's Almanac of Dislocated Feathers (Sif Muna gifted it to you on level 4 of the Shoals)
 83812 | Shoals:4 | Received a gift from Sif Muna
 84707 | Shoals:4 | Got a barnacled rune of Zot
 85358 | Depths:1 | Entered Level 1 of the Depths
 86366 | Depths:1 | Found a snail-covered altar of Cheibriados.
 86711 | Depths:1 | Reached XP level 21. HP: 105/123 MP: 4/45
 89326 | Depths:1 | Received a gift from Sif Muna
 89334 | Depths:1 | Learned a level 3 spell: Regeneration
 89493 | Depths:1 | Found a one-way gate to the infinite horrors of the Abyss.
 89515 | Depths:1 | Found a gateway to Hell.
 90283 | D:15     | Found a sparkling altar of Nemelex Xobeh.
 90287 | D:15     | Found an iron altar of Okawaru.
 91921 | Depths:2 | Noticed bear's ghost (veteran HOBe)
 92383 | Depths:2 | Killed Jorgrun
 93287 | Depths:2 | Killed bear's ghost
 94107 | Depths:2 | Found Ziebluwn's Weapon Shoppe.
 94109 | Depths:2 | Found Beotekae's Distillery.
 94111 | Depths:2 | Found Loum's Weapon Shoppe.
 94117 | Depths:2 | Bought a potion of brilliance for 56 gold pieces
 94117 | Depths:2 | Bought 2 potions of brilliance for 112 gold pieces
 94117 | Depths:2 | Bought a potion of beneficial mutation for 490 gold pieces
 94117 | Depths:2 | Bought a potion of brilliance for 56 gold pieces
 94117 | Depths:2 | Gained mutation: Your spells are harder to cast, but more powerful. [potion of beneficial mutation]
 94690 | Depths:3 | Found a gateway to a ziggurat.
 95220 | Depths:3 | Identified Sif Muna's Incunabulum of Battle Magic (Sif Muna gifted it to you on level 3 of the Depths)
 95220 | Depths:3 | Received a gift from Sif Muna
 95220 | Depths:3 | Reached skill level 19 in Spellcasting
 95257 | Depths:3 | Learned a level 7 spell: Orb of Destruction
 96182 | Depths:3 | Reached XP level 22. HP: 130/130 MP: 34/47
 98128 | Depths:3 | Found Etetoi's Pet Rocks.
 98175 | Depths:3 | HP: 4/131 [juggernaut zombie[a necromancer] (51)]
 99076 | Depths:3 | Found a one-way gate leading to the halls of Pandemonium.
 99995 | Depths:3 | Got a twisted robe
100006 | Depths:3 | Identified the +1 robe of Claustrophobia {rN+} (You found it on level 3 of the Depths)
100562 | Depths:3 | Received a gift from Sif Muna
101478 | Depths:4 | Noticed a caustic shrike
101484 | Depths:4 | Killed a caustic shrike
103221 | Depths:4 | Noticed a golden dragon
103226 | Depths:4 | Killed a golden dragon
103551 | Depths:4 | Reached XP level 23. HP: 136/136 MP: 35/48
103647 | Depths:4 | Upgraded the game from 0.20-a0-266-gdedccd6 to 0.20-a0-268-gb6bde61
103733 | Depths:5 | Entered Level 5 of the Depths
103734 | Depths:5 | Identified Douguonu's Almanac of Doomed Displacement (Sif Muna gifted it to you on level 5 of the Depths)
103734 | Depths:5 | Received a gift from Sif Muna
104403 | Depths:5 | Reached skill level 15 in Evocations
105470 | Depths:5 | Found a gate to the Realm of Zot.
106264 | Depths:5 | Found a portal to a secret trove of treasure.
106888 | Lair:1   | Learned a level 2 spell: Swiftness
107078 | Slime:1  | Entered Level 1 of the Pits of Slime
107272 | Slime:1  | Identified Sif Muna's Guide on Earthen Confrontation (Sif Muna gifted it to you on level 1 of the Pits of Slime)
107272 | Slime:1  | Received a gift from Sif Muna
107449 | Slime:2  | Reached skill level 20 in Spellcasting
107572 | Slime:2  | Gained mutation: You tend to lose your temper in combat. [a shining eye]
108323 | Slime:3  | Reached skill level 15 in Necromancy
111170 | Slime:3  | Reached XP level 24. HP: 93/144 MP: 2/49
111448 | Slime:5  | Entered Level 5 of the Pits of Slime
111590 | Slime:5  | Found a viscous altar of Jiyva.
111595 | Slime:5  | Noticed the Royal Jelly
111598 | Slime:5  | Reached skill level 15 in Translocations
111604 | Slime:5  | Gained mutation: You are frail. (-10% HP) [a shining eye]
111651 | Slime:5  | Killed the Royal Jelly
111651 | Slime:5  | Identified Sif Muna's Collected Works on Earthen Stolen Souls (Sif Muna gifted it to you on level 5 of the Pits of Slime)
111651 | Slime:5  | Received a gift from Sif Muna
112034 | Slime:5  | Got a crude wooden ring
112561 | Slime:5  | Got a slimy rune of Zot
112659 | Slime:5  | Identified the ring "Vaamauvi" {rC+ Str+4 Dex+4} (You found it on level 5 of the Pits of Slime)
112679 | Slime:5  | Identified a +6 rod of shadows (9/9) (You found it on level 5 of the Pits of Slime)
112730 | Slime:5  | Learned a level 6 spell: Iron Shot
113604 | Lair:1   | Lost mutation: Your spells are harder to cast, but more powerful. [potion of cure mutation]
113604 | Lair:1   | Lost mutation: You are frail. (-10% HP) [potion of cure mutation]
113604 | Lair:1   | Lost mutation: Your spells are a little harder to cast, but a little more powerful. [potion of cure mutation]
113604 | Lair:1   | Lost mutation: You tend to lose your temper in combat. [potion of cure mutation]
113626 | Lair:1   | Learned a level 8 spell: Controlled Blink
113637 | Lair:1   | Learned a level 8 spell: Infestation
113971 | Elf:2    | Reached skill level 15 in Ice Magic
113976 | Elf:2    | Reached skill level 15 in Conjurations
114957 | Vaults:1 | Entered Level 1 of the Vaults
115924 | Vaults:1 | Found Kinojonu's Assorted Antiques.
115929 | Vaults:1 | Bought a scroll of amnesia for 126 gold pieces
115929 | Vaults:1 | Bought a pair of glowing gloves for 378 gold pieces
116115 | Vaults:1 | Noticed Asterion
116131 | Vaults:1 | Killed Asterion
117636 | Vaults:2 | Found a staircase to the Crypt.
117642 | Vaults:2 | Received a gift from Sif Muna
118572 | Vaults:3 | Reached XP level 25. HP: 145/150 MP: 38/49
121223 | Vaults:4 | Reached skill level 21 in Spellcasting
121736 | Vaults:4 | Identified Sif Muna's Catalogue of Conjuration and Flames (Sif Muna gifted it to you on level 4 of the Vaults)
121736 | Vaults:4 | Received a gift from Sif Muna
122099 | Vaults:5 | Entered Level 5 of the Vaults
122737 | Vaults:5 | Identified Sif Muna's Thorough Guide to Thaumaturgy (Sif Muna gifted it to you on level 5 of the Vaults)
122737 | Vaults:5 | Received a gift from Sif Muna
122902 | Vaults:5 | Got a heavily runed graven amulet
122909 | Vaults:5 | Identified the amulet "Onnar" {RegenMP rPois} (You took it off a fire giant on level 5 of the Vaults)
123634 | Vaults:5 | Got a silver rune of Zot
123658 | Vaults:5 | Reached XP level 26. HP: 156/156 MP: 38/50
124509 | Lair:1   | Learned a level 7 spell: Spellforged Servitor
124512 | Lair:1   | Learned a level 2 spell: Shroud of Golubria
124516 | Lair:1   | Learned a level 3 spell: Ozocubu's Armour
125793 | Vaults:5 | Received a gift from Sif Muna
126820 | Vaults:5 | Got a brightly glowing hunting sling {flame}
126820 | Vaults:5 | Got an uncursed encrusted battleaxe {freeze}
126865 | Vaults:5 | Got a sparkling tin ring
126876 | Vaults:5 | Identified the ring "Azapas" {rPois Slay+5 Stlth+} (You took it off a vault sentinel on level 5 of the Vaults)
126931 | Vaults:5 | Identified the +6 hunting sling of Udua {flame, rPois Str+2} (You took it off a vault warden on level 5 of the Vaults)
127319 | Vaults:5 | Identified the Guide on Stolen Souls
127516 | Vaults:5 | Identified the Handbook of the Harmful Traveller
128267 | Elf:3    | Got a steaming robe
128278 | Elf:3    | Identified the cursed +0 robe of Limitation {+Inv rF++} (You took it off a deep elf mage on level 3 of the Elven Halls)
128317 | Elf:3    | Got a crystal hunting sling
128318 | Elf:3    | Identified the +4 hunting sling of Wariness {venom, rElec MR- Int-3 Dex+8} (You found it on level 3 of the Elven Halls)
129562 | Crypt:1  | Entered Level 1 of the Crypt
129636 | Crypt:1  | Found a magical portal.
129645 | WizLab   | Entered Cigotuvi's Fleshworks
130518 | WizLab   | Identified Sif Muna's Disquisition on Burning Summoning (Sif Muna gifted it to you in a wizard's laboratory)
130518 | WizLab   | Received a gift from Sif Muna
130702 | WizLab   | Identified the Collected Works on Transformation
130711 | WizLab   | Identified Cigotuvi's Guide on Sinister Transformation
130873 | WizLab   | Gained mutation: You occasionally shout uncontrollably at your foes. [mutagenic glow]
131710 | WizLab   | Gained mutation: You have supernaturally acute eyesight. (SInv) [mutagenic meat]
131712 | WizLab   | Gained mutation: You are resistant to electric shocks. (rElec) [mutagenic meat]
131713 | WizLab   | Gained mutation: You are weak. (Str -2) [mutagenic meat]
131713 | WizLab   | Lost mutation: You have supernaturally acute eyesight. (SInv) [potion of cure mutation]
131713 | WizLab   | Lost mutation: You occasionally shout uncontrollably at your foes. [potion of cure mutation]
131713 | WizLab   | Lost mutation: You are weak. (Str -2) [potion of cure mutation]
131714 | WizLab   | Gained mutation: You have sharp toenails. [potion of mutation]
131714 | WizLab   | Gained mutation: You are partially covered in yellow scales. (AC +2) [potion of mutation]
131714 | WizLab   | Gained mutation: You are weak. (Str -2) [potion of mutation]
131715 | WizLab   | Gained mutation: Your magical capacity is low. (-10% MP) [potion of mutation]
131715 | WizLab   | Gained mutation: Your body sometimes deteriorates upon taking damage. [potion of mutation]
131716 | WizLab   | Gained mutation: Your spells are a little easier to cast, but a little less powerful. [potion of mutation]
131717 | WizLab   | Gained mutation: Potions and wands are less effective at restoring your health. [potion of mutation]
131718 | WizLab   | Lost mutation: You are weak. (Str -2) [potion of mutation]
131719 | WizLab   | Gained mutation: Your skin changes colour to match your surroundings (Stealth+). [potion of mutation]
131719 | WizLab   | Gained mutation: Your flesh is heat resistant. (rF+) [potion of mutation]
131720 | WizLab   | Gained mutation: You are resistant to hostile enchantments. (MR+) [potion of mutation]
131721 | WizLab   | Gained mutation: Armour fits poorly on your strangely shaped body. [potion of mutation]
131721 | WizLab   | Gained mutation: Your spells are easier to cast, but less powerful. [potion of mutation]
131722 | WizLab   | Gained mutation: You are weak. (Str -2) [potion of mutation]
131723 | WizLab   | Lost mutation: Your body sometimes deteriorates upon taking damage. [potion of cure mutation]
131723 | WizLab   | Lost mutation: You are weak. (Str -2) [potion of cure mutation]
131723 | WizLab   | Lost mutation: You have sharp toenails. [potion of cure mutation]
132167 | Lair:1   | Lost mutation: Armour fits poorly on your strangely shaped body. [potion of cure mutation]
132167 | Lair:1   | Lost mutation: You are resistant to hostile enchantments. (MR+) [potion of cure mutation]
132168 | Lair:1   | Gained mutation: Your mind is acute. (Int +2) [potion of beneficial mutation]
132169 | Lair:1   | Gained mutation: You passively map a small area around you. [potion of beneficial mutation]
132170 | Lair:1   | Gained mutation: You are mostly covered in yellow scales. (AC +3) [potion of beneficial mutation]
132171 | Lair:1   | Gained mutation: You have large cloven feet. [potion of beneficial mutation]
132173 | Lair:1   | Gained mutation: You have a pair of small antennae on your head. [potion of mutation]
132175 | Lair:1   | Gained mutation: You are somewhat resistant to further mutation. [potion of mutation]
132179 | Lair:1   | Upgraded the game from 0.20-a0-268-gb6bde61 to 0.20-a0-269-g17f5411
132200 | Lair:1   | Learned a level 9 spell: Glaciate
132209 | Lair:1   | Learned a level 7 spell: Haunt
132212 | Lair:1   | Learned a level 2 spell: Slow
132320 | D:7      | Killed Jarno's ghost
132627 | Hell     | Entered the Vestibule of Hell
132627 | Hell     | Noticed Geryon
132690 | Hell     | Reached skill level 1 in Staves
132723 | Hell     | Killed Geryon
133058 | Hell     | Reached skill level 22 in Spellcasting
133060 | Hell     | Reached skill level 5 in Earth Magic
133346 | Hell     | Found a gateway to the ashen valley of Gehenna.
133389 | Hell     | Reached XP level 27. HP: 102/163 MP: 3/46
134689 | Hell     | Found a gateway to the decaying netherworld of Tartarus.
134772 | Hell     | Found a gateway to the Iron City of Dis.
135203 | Hell     | Found a gateway to the freezing wastes of Cocytus.
135351 | Geh:1    | Entered Level 1 of Gehenna
135988 | Lair:1   | Learned a level 2 spell: Passwall
136926 | Geh:1    | Reached skill level 1 in Transmutations
136989 | Geh:1    | Identified Sif Muna's Handbook of Quantum Confrontation (Sif Muna gifted it to you on level 1 of Gehenna)
136989 | Geh:1    | Received a gift from Sif Muna
137495 | Geh:1    | HP: 7/162 [hellion/damnation (24)]
137496 | Geh:1    | Killed from afar by a hellion

Vault maps used:
D:1:      dpeg_arrival_oval
D:2:      overflow_temple_1_default, minitemple
D:3:      grunt_temple_overflow_opulence, lemuel_crystal_altar,
          lemuel_coloured_pillars_altar, minmay_crystal_room,
          serial_park_tiny_pond, doesnt_xom_only_xom, uniq_jessica, uniq_iyjb
D:4:      nicolae_overflow_hidden_temple, first_bread, serial_shops,
          nicolae_shop_overgrown_old_shop
D:5:      st_stairs_2
D:6:      amethyst_overflow_temple_binary
D:7:      lemuel_round_altar, nicolae_overflow_crystal_walls, the_bakery,
          grunt_ministairs_3, dk_noncrumbling_4, minmay_crossroads
D:8:      minmay_lair_entry_grove, nicolae_ossuary_entry_monument, basic_altar,
          serial_shops, shop, abandoned_shop,
          hangedman_abyss_or_decor_lesser_grid, grunt_ministairs_12,
          grunt_decor_one_mirror, eino_tiny_chamber
D:10:     serial_shops, shop, minivault_10, uniq_joseph, uniq_grum
D:11:     serial_shops, shop
D:12:     zombieorc2_lemuel, lab_entry_generic, special_room,
          minmay_tree_intersection, nicolae_water_bricks,
          grunt_ashenzari_visionary
D:14:     david_vaults_2, kennysheep_boxes
D:15:     hangedman_depths_entry_try_elsewhere_first, hex_medium,
          serial_bayou_pond_a, jmf_multi_god_temple2
Lair:1:   lemuel_fruit_fields, serial_bayou_shore_a
Lair:3:   minmay_shoals_entry_hut, grunt_forest_small_clearing_treed
Lair:4:   dummy_spider_entry, special_room, serial_bayou_shore_b,
          grunt_megastairs_3
Lair:5:   minmay_slime_entry_pillars, grunt_forest_stairs_clearing,
          grunt_megastairs_1, lemuel_fruit_tree, infiniplex_staircase_pool_2
Lair:6:   grunt_lair_end_beastmaster, uniq_snorg
Shoals:1: argonaut_golden_fleece, regret_index_shoals_crete, uniq_kirke
Shoals:2: uniq_polyphemus
Shoals:4: shoals_end_grunt_ice, shoals_ilsuiw_ice
Spider:2: uniq_aizul
Spider:3: nicolae_spider_shape, uniq_arachne
Spider:4: spider_rune_water, hangedman_spider_mandibles,
          nicolae_spider_stair_cavern
Slime:4:  cheibrodos_slime_lost_civilization_1
Orc:1:    orc_temple, uniq_harold
Orc:2:    st_orc_ogre_mass
Elf:1:    eino_elf_arrival_sip, minmay_elf_necromancy
Elf:2:    special_room, uniq_nikola, uniq_saint_roka
Elf:3:    minmay_elf_hall_hex, serial_shops, bzr_in_the_mist
Vaults:1: hangedman_vaults_river_flow, nicolae_vaults_twisting_passages,
          vaults_dpeg_cross, v_alt_pattern_6, v_misc_24,
          nicolae_vaults_network_quinsquares,
          nicolae_vaults_windows_and_doors_thing, grunt_vaults_focal,
          serial_shops, shop_fountains, uniq_asterion
Vaults:2: ontoclasm_vaults_claustrophobia, st_cells, grunt_vaults_hallway_long,
          hangedman_vaults_nails, vaults_dpeg_hooks,
          minmay_crypt_entry_simple_round
Vaults:3: v_rooms_1, vaults_mumra_minichess, hangedman_vaults_snaps, v_rooms_4,
          nicolae_vaults_shelves_hall, grunt_vaults_swirl, v_rooms_5,
          vaults_room_hallway, vaults_dpeg_doors, st_spiral_rooms,
          vaults_room_large_hall, nicolae_vaults_specimen_jars
Vaults:4: hangedman_vaults_nodes, ontoclasm_vaults_ring_large, v_misc_1,
          vaults_mumra_chevron_long, v_misc_25, nicolae_vaults_angled_halls,
          nicolae_vaults_asterisk, ontoclasm_vaults_decontamination,
          nicolae_vaults_statue_guard
Crypt:1:  mu_enter_wizlab_3, grunt_crypt_arrival_split
Depths:1: abyss_entry_crystal, hell_entry, cheibriados_altar_1,
          serial_bayou_shore_b
Depths:2: lemuel_flame_loot_2, hellmouth_1, kennysheep_underground_church,
          grunt_megastairs_5, minmay_staircase_bubble, minmay_shop_star,
          uniq_jorgrun
Depths:3: minmay_tri_stars, enter_ziggurat_b, rand_demon_pan_entry_5,
          serial_sigils_hangedman_stare, hell_entry, guppyfry_shop_earth,
          minmay_staircase_windowed_small
Depths:4: hangedman_arch_fort, pan_entry, hangedman_abyss_or_decor_stagger,
          hangedman_geh_valley, abyss_entry, basic_stair_grate_trap
Depths:5: grunt_zot_entry_tricorne, pan_entry, grunt_mini_vestibule,
          nicolae_trove_entry_crossroad, glass_columns_a, serial_bayou_shore_b
Lab:      labyrinth_mini_lab, nicolae_lab_very_dead_end, nicolae_lab_quarters,
          lab_statue
Bazaar:   bazaar_outfitter
WizLab:   wizlab_cigotuvi

Skill      XL: |  1  2  3  4  5  6  7  8  9 10 11 12 13 14 15 16 17 18 19 20 21 22 23 24 25 26 27 |
---------------+----------------------------------------------------------------------------------+-----
Spellcasting   | 5 6 8 9 10 12 13 14 15 16 17 18 19 20 21 22 | 22.2
Air Magic      | 1 3 5 |  5.0
Stealth        | 3 4 5 6 7 8 9 10 11 | 11.1
Poison Magic   | 1 |  1.8
Dodging        | 3 4 5 6 7 8 9 10 11 12 13 14 | 14.7
Fighting       | 1 2 3 4 5 6 7 8 9 10 11 12 13 14 | 14.3
Evocations     | 1 2 3 4 5 6 7 8 9 10 11 12 13 14 15 16 17 | 17.3
Conjurations   | 2 3 4 5 6 7 8 9 10 11 12 13 14 15 16 18 | 18.3
Charms         | 1 2 4 5 7 8 9 |  9.8
Summonings     | 2 |  2.5
Invocations    | 1 2 3 4 5 6 7 8 9 |  9.1
Hexes          | 1 3 5 6 7 8 9 |  9.2
Shields        | 1 3 4 6 7 9 10 11 12 13 | 13.8
Earth Magic    | 2 4 5 6 |  6.4
Fire Magic     | 2 4 |  4.9
Ice Magic      | 1 5 7 8 9 10 11 12 13 14 15 16 18 | 18.3
Necromancy     | 3 5 7 9 10 11 14 15 16 17 | 17.6
Translocations | 3 7 9 10 12 13 14 15 16 | 16.9
Staves         | 2 3 |  3.9
Transmutations | 3 |  3.0

Action                   |  1- 3 |  4- 6 |  7- 9 | 10-12 | 13-15 | 16-18 | 19-21 | 22-24 | 25-27 || total
-------------------------+-------+-------+-------+-------+-------+-------+-------+-------+-------++-------
Melee: Dagger            |    37 |    84 |    60 |       |       |       |       |       |       ||   181
       Short sword       |       |     4 |       |       |       |       |       |       |       ||     4
       Whip              |       |       |    22 |    36 |    50 |       |       |       |       ||   108
       Staff             |       |       |       |       |    31 |    66 |   185 |   146 |   331 ||   759
       Quarterstaff      |       |       |       |       |    23 |       |       |       |       ||    23
 Fire: Blowgun           |       |    11 |    36 |    35 |       |       |       |       |       ||    82
       Hunting sling     |       |       |       |     4 |       |       |       |       |       ||     4
Throw: Throwing net      |       |       |       |       |       |       |     1 |       |       ||     1
 Cast: Magic Dart        |    53 |    81 |   334 |   424 |   438 |    49 |    27 |    24 |       ||  1430
       Repel Missiles    |     2 |       |       |     1 |     1 |     2 |       |       |       ||     6
       Mephitic Cloud    |     1 |     6 |    12 |    13 |     3 |       |       |       |       ||    35
       Conjure Flame     |       |     2 |     7 |    18 |    17 |       |       |       |       ||    44
       Call Imp          |       |    17 |     9 |    10 |     2 |       |       |       |       ||    38
       Blink             |       |       |     3 |    17 |    14 |    14 |    10 |     1 |       ||    59
       Iskenderun's Batt |       |       |     6 |    71 |    97 |     7 |       |       |       ||   181
       Fulminant Prism   |       |       |       |    32 |    49 |       |       |       |       ||    81
       Iskenderun's Myst |       |       |       |    80 |   135 |       |       |       |       ||   215
       Slow              |       |       |       |     1 |       |     1 |       |       |       ||     2
       Bolt of Magma     |       |       |       |       |   230 |       |       |       |       ||   230
       Bolt of Cold      |       |       |       |       |   131 |   581 |   607 |   491 |   331 ||  2141
       Freezing Cloud    |       |       |       |       |     1 |    48 |    62 |    50 |    51 ||   212
       Ozocubu's Refrige |       |       |       |       |       |    42 |    17 |    27 |     7 ||    93
       Cigotuvi's Embrac |       |       |       |       |       |    19 |       |       |       ||    19
       Metabolic Englaci |       |       |       |       |       |    13 |     2 |     5 |     4 ||    24
       Simulacrum        |       |       |       |       |       |    14 |       |       |       ||    14
       Dispersal         |       |       |       |       |       |     3 |    12 |     7 |       ||    22
       Summon Forest     |       |       |       |       |       |     3 |     5 |       |       ||     8
       Deflect Missiles  |       |       |       |       |       |     2 |     6 |     5 |     4 ||    17
       Death Channel     |       |       |       |       |       |       |    12 |     2 |       ||    14
       Orb of Destructio |       |       |       |       |       |       |     5 |   111 |    65 ||   181
       Regeneration      |       |       |       |       |       |       |     4 |    11 |    11 ||    26
       Iron Shot         |       |       |       |       |       |       |       |    52 |   218 ||   270
       Infestation       |       |       |       |       |       |       |       |    13 |     7 ||    20
       Controlled Blink  |       |       |       |       |       |       |       |     1 |    19 ||    20
       Summon Butterflie |       |       |       |       |       |       |       |     1 |       ||     1
       Glaciate          |       |       |       |       |       |       |       |       |    30 ||    30
       Ozocubu's Armour  |       |       |       |       |       |       |       |       |     7 ||     7
       Shroud of Golubri |       |       |       |       |       |       |       |       |     6 ||     6
       Spellforged Servi |       |       |       |       |       |       |       |       |     5 ||     5
       Haunt             |       |       |       |       |       |       |       |       |     5 ||     5
Invok: Channel Magic     |       |       |       |    12 |     6 |     2 |       |     2 |    10 ||    32
       Divine Energy     |       |       |       |       |    12 |    10 |    10 |    13 |    14 ||    59
       Stop Divine Energ |       |       |       |       |    12 |     9 |    11 |    13 |    13 ||    58
       Forget Spell      |       |       |       |       |     2 |     5 |     1 |     5 |     2 ||    15
 Abil: Stop Flying       |       |       |       |       |       |       |       |     3 |       ||     3
       Evoke Flight      |       |       |       |       |       |       |       |     2 |       ||     2
       Evoke Invisibilit |       |       |       |       |       |       |       |       |     1 ||     1
       Turn Visible      |       |       |       |       |       |       |       |       |     1 ||     1
Evoke: Wand              |       |     4 |     7 |     3 |     7 |    12 |    10 |     4 |    11 ||    58
       Sack of spiders   |       |       |       |       |     1 |     5 |     2 |     1 |       ||     9
       Rod               |       |       |       |       |    17 |    15 |    82 |    15 |    35 ||   164
       Fan of gales      |       |       |       |       |     1 |     3 |     1 |     2 |     2 ||     9
       Box of beasts     |       |       |       |       |       |       |     4 |       |       ||     4
       Phantom mirror    |       |       |       |       |       |       |     1 |       |     1 ||     2
       Phial of floods   |       |       |       |       |       |       |       |     2 |     3 ||     5
       Lamp of fire      |       |       |       |       |       |       |       |     1 |       ||     1
       Disc of storms    |       |       |       |       |       |       |       |       |     3 ||     3
       Crystal ball of e |       |       |       |       |       |       |       |       |    14 ||    14
  Use: Scroll            |       |     1 |     4 |    11 |    30 |    20 |    15 |     9 |    12 ||   102
       Potion            |       |       |       |       |       |     7 |     3 |    12 |    36 ||    58
 Stab: Sleeping          |     9 |     1 |     1 |       |     2 |       |       |     1 |     1 ||    15
       Confused          |       |     1 |     2 |     1 |       |       |       |       |       ||     4
       Distracted        |       |       |       |       |       |     1 |       |       |     1 ||     2
  Eat: Chunk             |     4 |     8 |    12 |    23 |    53 |    55 |    58 |    35 |    46 ||   294
       Bread ration      |       |     1 |     1 |     4 |     6 |     4 |     3 |       |     6 ||    25
       Fruit             |       |       |       |     1 |     3 |     1 |     8 |       |     7 ||    20
       Meat ration       |       |       |       |       |     1 |     3 |     7 |     8 |     1 ||    20
Armor: Robe              |     4 |    13 |    36 |    39 |   145 |   105 |   128 |   154 |   156 ||   780
Dodge: Dodged            |    24 |    67 |   139 |   170 |   479 |   387 |   443 |   360 |   481 ||  2550
       Deflected         |     1 |       |     3 |     3 |     9 |    16 |    46 |    28 |    38 ||   144
Block: Buckler           |       |       |       |       |    42 |   168 |       |       |       ||   210
       Shield            |       |       |       |       |       |     2 |   461 |   346 |   539 ||  1348
